 Dungeon Crawl Stone Soup version 0.30-a0-475-g03497ec522 (webtiles) character file.

Game seed: 3161101968786320181

613 kae the Conjurer (level 7, -5/35 (36) HPs)
             Began as a Tengu Fire Elementalist on Dec 20, 2022.
             Slain by a wight
             ... wielding a +2 dagger
              (7 damage)
             ... on level 6 of the Dungeon.
             The game lasted 00:03:42 (3747 turns).

kae the Conjurer (Tengu Fire Elementalist)          Turns: 3747, Time: 00:03:43

HP:   -5/35 (36)    AC:  3    Str:  9    XL:     7   Next: 44%
MP:   4/13          EV: 14    Int: 17    God:
Gold: 78            SH:  0    Dex: 14    Spells: 3/13 levels left

rFire   . . .      SeeInvis .    l - +1 hand axe (vamp)
rCold   . . .      Faith    .    (no shield)
rNeg    . . .      Spirit   .    a - +1 robe
rPois   .          Reflect  .    (helmet restricted)
rElec   .          Harm     .    (no cloak)
rCorr   .          Rampage  .    (no gloves)
Will    .....                    (boots unavailable)
Stlth   ++........               j - amulet of magic regeneration
HPRegen 0.25/turn                (no ring)
MPRegen 0.53/turn                (no ring)

@: flying quickly and evasively, lightly drained, quick
A: beak, talons 3, nimble flight
a: no special abilities


You were on level 6 of the Dungeon.
You visited 1 branch of the dungeon, and saw 5 of its levels.
You also visited: Ossuary.

You collected 210 gold pieces.
You spent 132 gold pieces at shops.


Innate Abilities, Weirdness & Mutations

You have a beak for a mouth.
You have claws for feet.
Your magical nature lets you fly swiftly and evasively.


   Skills:
 - Level 2.1 Dodging
 - Level 2.0 Stealth
 + Level 3.6 Spellcasting
 * Level 6.5 Conjurations
 * Level 6.3 Fire Magic


You had 3 spell levels left.
You knew the following spells:

 Your Spells              Type           Power      Damage    Failure   Level
a - Foxfire               Conj/Fire      96%        2x1d8     1%          1
b - Scorch                Fire           48%        2d7       1%          2
c - Inner Flame           Hex/Fire       13%        N/A       14%         3
d - Flame Wave            Conj/Fire      24%        2d8       12%         4

Your spell library contained the following spells:

 Spells                   Type           Power      Damage    Failure   Level
 Kindle Blastsparks       Fire/Tloc/Air  20%        2d11      21%         3
 Ensorcelled Hibernation  Hex/Ice        6%         N/A       24%         2
 Portal Projectile        Hex/Tloc       6%         N/A       43%         3
 Spider Form              Tmut/Pois      3%         N/A       43%         3
 Tukima's Dance           Hex            3%         N/A       43%         3
 Anguish                  Hex/Necr       1%         N/A       85%         4
 Blade Hands              Tmut           1%         N/A       99%         5
 Summon Cactus Giant      Summ           1%         N/A       100%        6

Inventory:

Hand Weapons
 g - a +0 morningstar
   (You found it on level 1 of the Dungeon)
 l - a +1 vampiric hand axe (weapon)
   (You found it on level 1 of the Dungeon)
Missiles
 d - 71 stones
 f - 8 poisoned darts
Armour
 a - a +1 robe (worn)
Magical Staves
 n - a staff of death {!a}
   (You found it on level 2 of the Dungeon)
Jewellery
 j - an amulet of magic regeneration (around neck)
   (You found it on level 1 of the Dungeon)
 C - a ring of protection from cold
   (You found it on level 4 of the Dungeon)
Scrolls
 e - a scroll of amnesia {unknown}
 i - a scroll of poison {!r}
 k - a scroll of identify {@r1}
 t - a scroll of enchant armour
 w - a scroll of vulnerability {!r!r}
 x - a scroll of immolation {!r!r}
Potions
 b - a potion of magic
 c - 5 potions of curing {@q1}
 h - a potion of attraction {unknown}
 m - a potion of cancellation
 o - a potion of might
 p - a potion of flight {unknown}
 q - a potion of ambrosia
 r - a potion of berserk rage {!q}
 u - a potion of resistance
 v - a potion of degeneration {unknown}

Dungeon Overview and Level Annotations

Branches:
Dungeon (4/15) Zot: 26599 Ossuary (visited)
 Temple: D:4-7

Altars:
Dithmenos
Ru

Shops:
D:2 !   D:3 *[[

Annotations:
D:3 3 runed translucent doors, kae's ghost, amateur TeFE
D:4 exclusion: water moccasin
D:6 Sigmund

#############
#$...........
#.###########
#.##.......#
#..'.......#
####.......#
.. #.......#
....#####
#......##
....†)z@####
####...###
#######....#
#......
#........#
#......
#.......$#
#......
#....)..##
###.###
#.......#
####......
#.......#
#....#.##.
##...##.#
#....#.##'
#...##.#
#....#.#..


You could see a wight (combustible).


Message History

Confirm with . or Enter, or press ? or * to list all spells.
Flames lash the wight.
You destroy the wight!
Your Conjurations skill increases to level 6!
Your Fire Magic skill increases to level 6! 😎 MP[-1]
You lost 1 mp, and now have 12/13 mp.
Casting: Scorch (safe; 1% risk of failure)
Confirm with . or Enter, or press ? or * to list all spells.
You can't see any susceptible monsters within range! (Use Z to cast anyway.)
You start resting.
A wight comes into view. It is wielding a +0 spear. 😎 MP[+1]
Your mp is fully restored (13).
Casting: Scorch (safe; 1% risk of failure)
Confirm with . or Enter, or press ? or * to list all spells.
You conjure some foxfire!
The foxfire hits the wight but does no damage. x2
Casting: Foxfire (safe; 1% risk of failure)
Confirm with . or Enter, or press ? or * to list all spells.
Flames lash the wight.
The wight's fire resistance burns away.
You hear an angry hiss.
The wight hits you from afar with a +0 spear.
You feel drained.
A wight comes into view. It is wielding a +0 long sword.
The wight hits you from afar with a +0 spear.
An adder comes into view. 😕 HP[-6] MP[-1]
You now have 35 max hp (-1).
You take 6 damage, and now have 30/35 hp.
You lost 1 mp, and now have 12/13 mp.
Casting: Scorch (safe; 1% risk of failure)
Confirm with . or Enter, or press ? or * to list all spells.
Flames lash the wight.
The wight's fire resistance burns away.
The wight is no longer more vulnerable to fire. 😕 HP[+1] MP[-1]
You lost 1 mp, and now have 11/13 mp.
Casting: Scorch (safe; 1% risk of failure)
Confirm with . or Enter, or press ? or * to list all spells.
Flames lash the wight.
The wight is burned terribly!
You destroy the wight!
Your life force feels restored.
The wight hits you from afar with a +0 spear.
You feel drained. 😕 HP[-1] MP[-1]
You take 1 damage, and now have 30/35 hp.
You lost 1 mp, and now have 10/13 mp.
Casting: Scorch (safe; 1% risk of failure)
Confirm with . or Enter, or press ? or * to list all spells.
Flames lash the wight.
The wight's fire resistance burns away.
The wight closely misses you.
The wight hits you from afar with a +0 spear! 😮 HP[-10] MP[-1]
You take 10 damage, and now have 20/35 hp.
MASSIVE DAMAGE!! (PAUSE)
You lost 1 mp, and now have 9/13 mp.
Casting: Scorch (safe; 1% risk of failure)
Confirm with . or Enter, or press ? or * to list all spells.
Flames lash the adder.
You kill the adder!
The wight hits you from afar with a +0 spear!
* * * LOW HITPOINT WARNING * * *
You feel drained.
* * * LOW HITPOINT WARNING * * *
The wight closely misses you. 😱 HP[-13] MP[-1]
You now have 34 max hp (-1).
You take 13 damage, and now have 7/34 hp.
MASSIVE DAMAGE!! (PAUSE)
You lost 1 mp, and now have 8/13 mp.
Casting: Scorch (safe; 1% risk of failure)
Confirm with . or Enter, or press ? or * to list all spells.
Flames lash the wight.
The wight is burned terribly!
You destroy the wight!
A wight comes into view. It is wielding a +2 dagger.
Your life force feels restored. 😱 HP[+1] MP[-1]
You now have 36 max hp (+2).
You lost 1 mp, and now have 7/13 mp.
Casting: Scorch (safe; 1% risk of failure)
Confirm with . or Enter, or press ? or * to list all spells.
Flames lash the wight.
The wight's fire resistance burns away. 😱 HP[+1] MP[-1]
You lost 1 mp, and now have 6/13 mp.
Casting: Scorch (safe; 1% risk of failure)
Confirm with . or Enter, or press ? or * to list all spells.
Flames lash the wight.
The wight is burned terribly!
The wight closely misses you. The wight hits you with a +2 dagger.
* * * LOW HITPOINT WARNING * * *
You feel drained. 😱 HP[-5] MP[-1]
You now have 35 max hp (-1).
You take 5 damage, and now have 4/35 hp.
You lost 1 mp, and now have 5/13 mp.
Casting: Scorch (safe; 1% risk of failure)
Confirm with . or Enter, or press ? or * to list all spells.
Flames lash the wight but do no damage.
The wight hits you with a +2 dagger.
* * * LOW HITPOINT WARNING * * *
The wight hits you with a +2 dagger!
You die...

Skill      XL: |  1  2  3  4  5  6  7 |
---------------+----------------------+-----
Conjurations   | 2 3 4 5 6 |  6.5
Fire Magic     | 4 5 6 |  6.3
Spellcasting   | 3 |  3.6
Dodging        | |  2.1
Stealth        | |  2.0

Action                   |  1- 3 |  4- 6 |  7- 9 || total
-------------------------+-------+-------+-------++-------
Melee: Unarmed           |     2 |       |       ||     2
       Morningstar       |     1 |       |       ||     1
       Kick              |     1 |       |       ||     1
       Hand axe          |     1 |       |       ||     1
 Cast: Foxfire           |    78 |    72 |     5 ||   155
       Scorch            |     3 |    51 |    10 ||    64
       Inner Flame       |       |     2 |       ||     2
  Use: Scroll            |       |    13 |       ||    13
       Potion            |       |     1 |       ||     1
Armor: Robe              |     1 |    12 |       ||    13
Dodge: Dodged            |     7 |    39 |     3 ||    49

Levels and vault maps discovered:
D:1:      sevenhm_arrival_forest_fort_small_4, layout_loops_ring,
          minmay_tiny_reverse_x
D:2:      layout_basic, basic_altar, serial_bayou, serial_bayou_pond_b,
          serial_bayou_shore_a, serial_bayou_ford_a, serial_bayou_lagoon_b,
          serial_bayou_pond_d, serial_shops, nicolae_shop_behind_doors,
          nrook_campfire
D:3:      kennysheep_the_goblin_king, layout_loops_ring, serial_shops,
          nicolae_shop_crystal, nicolae_shop_advertising_works
          [nicolae_subvault_shop_adworks], nicolae_diamond_shop,
          gammafunk_ghost_split
D:4:      layout_basic, lemuel_round_altar, okawaru_altar_gauntlet_db,
          minmay_temple_entry_waves, lightli_ossuary_entry_decrepit_ruins,
          grunt_ministairs_7, uniq_ijyb
D:6:      old_forge, layout_basic, overflow_temple_1_default, uniq_sigmund

Notes
Turn   | Place    | Note
-------+----------+-------------------------------------------
     0 | D:1      | kae the Tengu Fire Elementalist began the quest for the
                  | Orb.
     0 | D:1      | Reached XP level 1. HP: 10/10 MP: 4/4
     0 | D:1      | magus.rc [v1.11.3]
   178 | D:1      | Reached skill level 2 in Conjurations
   178 | D:1      | Reached XP level 2. HP: 13/15 MP: 4/6
   198 | D:1      | Learned a level 2 spell: Scorch
   403 | D:1      | You pick up a book of Scorching and begin reading...
   834 | D:1      | You pick up a book of Dreams and begin reading...
   834 | D:1      | You add the spells Ensorcelled Hibernation, Spider Form and
                  | Anguish to your library.
   882 | D:2      | Found a sacrificial altar of Ru.
   960 | D:2      | Reached XP level 3. HP: 19/19 MP: 7/7
  1256 | D:2      | Reached skill level 3 in Conjurations
  1256 | D:2      | Reached skill level 4 in Fire Magic
  1420 | D:2      | Reached XP level 4. HP: 24/24 MP: 8/8
  1487 | D:2      | Found Puvvean's Distillery.
  1490 | D:2      | Bought 2 potions of curing for 72 gold pieces
  1845 | D:3      | Found Jiojui's Armour Shoppe.
  1854 | D:3      | Found Cubom's Armour Shoppe.
  1887 | D:3      | Found a runed translucent gate.
  1887 | D:3      | Found a runed translucent gate.
  1887 | D:3      | Noticed a sky beast
  1888 | D:3      | Found a runed translucent gate.
  1939 | D:3      | Found Ulauv's Assorted Antiques.
  1969 | D:3      | Bought a scroll labelled YSTOPU EWIYRUI for 20 gold pieces
  1969 | D:3      | Bought a scroll labelled YSTOPU EWIYRUI for 20 gold pieces
  1969 | D:3      | Bought a scroll labelled ARACWAOCKI for 20 gold pieces
  2010 | D:3      | You pick up a book of Weapons and begin reading...
  2010 | D:3      | You add the spells Tukima's Dance, Portal Projectile and
                  | Blade Hands to your library.
  2289 | D:3      | Noticed kae's ghost (amateur TeFE)
  2639 | D:3      | Noticed a scorpion
  2645 | D:3      | HP: 5/24 [poisoned by a scorpion]
  2646 | D:3      | Killed a scorpion
  2647 | D:3      | Reached skill level 4 in Conjurations
  2647 | D:3      | Gained mutation: Your magical nature lets you fly swiftly
                  | and evasively. [Tengu growth]
  2647 | D:3      | Reached XP level 5. HP: 3/28 MP: 2/10
  2867 | D:4      | Found a sand-covered staircase.
  2880 | Ossuary  | Entered an ossuary
  2928 | Ossuary  | Reached skill level 3 in Spellcasting
  2928 | Ossuary  | Reached skill level 5 in Fire Magic
  2928 | Ossuary  | Reached XP level 6. HP: 22/32 MP: 6/11
  2932 | Ossuary  | Learned a level 3 spell: Inner Flame
  2937 | Ossuary  | Learned a level 4 spell: Flame Wave
  3026 | Ossuary  | Reached skill level 5 in Conjurations
  3296 | D:4      | Noticed a water moccasin
  3327 | D:4      | You are sucked into a shaft and drop 2 floors!
  3352 | D:6      | Noticed a water moccasin
  3363 | D:6      | Noticed Sigmund
  3476 | D:6      | Found a shadowy altar of Dithmenos.
  3697 | D:6      | Reached XP level 7. HP: 33/36 MP: 7/13
  3725 | D:6      | Reached skill level 6 in Conjurations
  3725 | D:6      | Reached skill level 6 in Fire Magic
  3738 | D:6      | HP: 7/34 [wight/+0 spear (4)]
  3745 | D:6      | HP: 4/36 [wight/+2 dagger (5)]
  3746 | D:6      | HP: 1/35 [wight/+2 dagger (3)]
  3747 | D:6      | Slain by a wight

Vanquished Creatures
  A centaur (D:6)
  A scorpion (D:3)
  2 water moccasin zombies (Ossuary)
  3 wights (D:6)
  An orc priest (D:6)
  2 mummies (Ossuary)
  3 adders
  An ufetubus (D:6)
  3 adder zombies (Ossuary)
  7 worms
  A dart slug (D:3)
  8 ball pythons
  4 bats
  8 endoplasms
  3 giant cockroaches
  4 gnoll zombies (Ossuary)
  11 goblins
  5 hobgoblins
  4 jackals (D:2)
  3 quokkas
  2 frilled lizards
  5 hobgoblin zombies (Ossuary)
  5 kobolds
  5 kobold zombies (Ossuary)
  5 rats
97 creatures vanquished.

Vanquished Creatures (collateral kills)
  A foxfire (D:2)
1 creature vanquished.

Vanquished Creatures (others)
  246 foxfires
  24 plants (D:2)
270 creatures vanquished.

Grand Total: 368 creatures vanquished

Table legend:
 A = Non-vault XP
 B = Vault XP
 C = Vault XP percentage of total XP
 D = Non-vault monster count
 E = Vault monster count
 F = Vault count percentage of total count
                 A         B        C        D         E       F
            +---------+---------+-------+---------+---------+-------
      Total |     626 |     250 |  28.5 |      65 |      32 |  33.0
            +---------+---------+-------+---------+---------+-------
        D:1 |      25 |       3 |  10.7 |      14 |       2 |  12.5
        D:2 |      83 |       3 |   3.5 |      27 |       2 |   6.9
        D:3 |     119 |      14 |  10.5 |      15 |       7 |  31.8
        D:4 |       4 |       0 |   0.0 |       2 |       0 |   0.0
        D:6 |     395 |       0 |   0.0 |       7 |       0 |   0.0
    Ossuary |       0 |     230 | 100.0 |       0 |      21 | 100.0
            +---------+---------+-------+---------+---------+-------

Illustrated notes

Table legend:
 A = Kills in this place as a percentage of kills in entire the game.
 B = Kills by you in this place as a percentage of kills by you in the entire game.
 C = Kills by friends in this place as a percentage of kills by friends in the entire game.
 D = Other kills in this place as a percentage of other kills in the entire game.
 E = Experience gained in this place as a percentage of experience gained in the entire game.
 F = Experience gained in this place divided by the number of levels of this place that you have seen.
                   A       B       C       D       E      F
               +-------+-------+-------+-------+-------+----------------------
         Total | 100.0 | 100.0 |   N/A |   N/A | 100.0 | 146.0
       Dungeon |  78.4 |  78.4 |   N/A |   N/A |  73.7 | 129.2
       Ossuary |  21.6 |  21.6 |   N/A |   N/A |  26.3 | 230.0
               +-------+-------+-------+-------+-------+----------------------

Table legend: (Time is in decaauts)
 A = Elapsed time spent in this place.
 B = Non-inter-level travel time spent in this place.
 C = Inter-level travel time spent in this place.
 D = Time resting spent in this place.
 E = Time spent auto-exploring this place.
 F = Levels seen in this place.
 G = Mean time per level.
                   A        B        C        D        E       F      G
               +--------+--------+--------+--------+--------+-----+--------+
         Total |   3746 |   3657 |     89 |    171 |   2778 |   6 |  624.3 |
       Dungeon |   3394 |   3305 |     89 |    151 |   2597 |   5 |  678.8 |
       Ossuary |    351 |    351 |      0 |     20 |    180 |   1 |  351.0 |
               +--------+--------+--------+--------+--------+-----+--------+

Top non-repeatable levels by time:
     D:3: 1013 daAuts
     D:2: 995 daAuts
     D:1: 885 daAuts
     D:6: 399 daAuts
 Ossuary: 351 daAuts
     D:4: 100 daAuts
